 Dungeon Crawl Stone Soup version 0.30-a0-272-gf98c3da03f (webtiles) character file.

Game seed: 2383523572051456922

279 qw the Chopper (level 6, 0/38 HPs)
             Began as a Gargoyle Fighter on Oct 15, 2022.
             Was an Initiate of Okawaru.
             Slain by an orc wizard
             ... wielding a +2 dagger of electrocution
              (3 damage)
             ... on level 4 of the Dungeon.
             The game lasted 00:01:03 (2206 turns).

qw the Chopper (Gargoyle Fighter)                   Turns: 2206, Time: 00:01:04

Health: 0/38       AC: 12    Str: 21    XL:     6   Next: 26%
Magic:  6/6        EV:  9    Int:  9    God:    Okawaru [......]
Gold:   199        SH:  0    Dex:  9    Spells: 5/5 levels left

rFire   . . .      SeeInvis .    Y - +0 war axe
rCold   + . .      Faith    .    c - +0 buckler
rNeg    + + .      Spirit   .    b - +0 scale mail
rPois   inf        Reflect  .    e - +0 helmet
rElec   +          Harm     .    (no cloak)
rCorr   .          Rampage  .    (no gloves)
Will    .....                    (no boots)
Stlth   ..........               (no amulet)
HPRegen 0.26/turn                n - ring of protection from cold
MPRegen 0.10/turn                h - ring of positive energy

@: confused
A: sickness immunity, AC +4, negative energy resistance 1, electricity
resistance, torment resistance 1, petrification resistance
a: Renounce Religion


You were on level 4 of the Dungeon.
You worshipped Okawaru.
Okawaru was noncommittal.
You visited 1 branch of the dungeon, and saw 4 of its levels.

You collected 272 gold pieces.
You spent 73 gold pieces at shops.


Innate Abilities, Weirdness & Mutations

You are immune to sickness and miasma.
Your stone body is resilient. (AC +4)
You are immune to poison.
You resist negative energy. (rN+)
You are resistant to electric shocks. (rElec)
You are resistant to unholy torment.
You are immune to petrification.


   Skills:
 - Level 4.1 Fighting
 + Level 5.0 Axes
 - Level 1.0 Throwing
 - Level 3.2 Armour
 - Level 1.0 Dodging
 - Level 3.2 Shields


You had 5 spell levels left.
You didn't know any spells.
Your spell library was empty.

Inventory:

Hand Weapons
 f - a +0 flail
 Y - a +0 war axe (weapon)
Missiles
 s - 2 javelins (quivered)
Armour
 b - a +0 scale mail (worn)
 c - a +0 buckler (worn)
 e - a +0 helmet (worn)
Jewellery
 h - a ring of positive energy (right hand)
 n - a ring of protection from cold (left hand)
Scrolls
 a - a scroll of identify
Potions
 d - 2 potions of might
 i - a potion of attraction
 j - a potion of degeneration {unknown}
 k - a potion of cancellation {unknown}
 l - a potion of haste
 m - a potion of heal wounds
 o - a potion of lignification {unknown}
 p - a potion of mutation {unknown}
 r - a potion of curing {unknown}

Dungeon Overview and Level Annotations

Branches:
Dungeon (4/15)
 Temple: D:4-7

Altars:
Okawaru

Shops:
D:2 (


Message History

Something hits you but does no damage.
You're too confused to attack without stumbling around!
There is a strange disturbance nearby!
You hear some strange, mumbled words.
A magic dart appears from out of thin air!
The magic dart hits you!
You're too confused to attack without stumbling around!
There is a strange disturbance nearby!
Something hits you.
You're too confused to attack without stumbling around!
There is a strange disturbance nearby!
You feel less confused. You block something's attack.
You miss something.
You hear some strange, mumbled words.
A puff of flame appears from out of thin air!
The puff of flame hits you but does no damage.
Something hits you but does no damage.
You hit something but do no damage. You block something's attack.
You miss something.
You hear some strange, mumbled words.
Something tries to affect you, but you resist.
You miss something.
You hear some strange, mumbled words.
You are confused.
Something hits you but does no damage.
You're too confused to attack without stumbling around!
There is a strange disturbance nearby!
Something hits you but does no damage.
You're too confused to attack without stumbling around!
There is a strange disturbance nearby!
Something hits you.
You're too confused to attack without stumbling around!
There is a strange disturbance nearby!
Something hits you but does no damage.
You're too confused to attack without stumbling around!
There is a strange disturbance nearby!
Something hits you.
You die...

#...#......<##.....# ..
#.#.###.....##.#..###.#
##........###.)%#.......
####.....#..## #%#.%.......
#..........## ##.#)%%......
........#######............
.##.............#..........
....##...)).####....)......
.#. #..#.{@................
......#####)......#...../..
. #.## #..###............
... ...##...###........ ..
..... ..## #........
.g..... ## #........
..o.... #........


og..... r.g.... There were no monsters in sight!

Vanquished Creatures
  A necrophage (D:3)
  2 orc wizards (D:4)
  2 adders (D:3)
  7 gnolls
  A worm (D:2)
  6 orcs
  8 bats
  5 endoplasms
  3 giant cockroaches
  4 goblins
  6 hobgoblins
  11 jackals
  A quokka (D:4)
  9 ball pythons
  A frilled lizard (D:3)
  5 kobolds
  7 rats
79 creatures vanquished.

Vanquished Creatures (others)
  A plant (D:1)
1 creature vanquished.

Grand Total: 80 creatures vanquished

Notes
Turn   | Place    | Note
-------+----------+-------------------------------------------
     0 | D:1      | qw the Gargoyle Fighter began the quest for the Orb.
     0 | D:1      | Reached XP level 1. HP: 14/14 MP: 1/1
     0 | D:1      | 0 ||| qw: Version: 0.2-a-19-gadd0ef8
     0 | D:1      | 0 ||| qw: Game counter: 13
     0 | D:1      | 0 ||| qw: Always use a shield: true
     0 | D:1      | 0 ||| qw: God list: Okawaru
     0 | D:1      | 0 ||| qw: Allow faded altars: false
     0 | D:1      | 0 ||| qw: Do Orc after D:15 true
     0 | D:1      | 0 ||| qw: Do second Lair branch before Depths: true
     0 | D:1      | 0 ||| qw: Lair rune preference: random
     0 | D:1      | 0 ||| qw: Plans: Normal, Zot:1-4, God:TSO, Crypt, Tomb,
                  | Pan, Slime:5, Hells, Abyss, Orb
     0 | D:1      | 0 ||| PLANNING D:1-11
    47 | D:1      | Reached skill level 2 in Axes
    70 | D:1      | Found a faded altar of an unknown god.
   231 | D:1      | Reached XP level 2. HP: 16/19 MP: 2/2
   703 | D:1      | 703 ||| UPGRADING to +0 helmet.
   708 | D:1      | 708 ||| READING 2 scrolls labelled JYAROS LAMIQ.
   709 | D:1      | 709 ||| READING scroll labelled GUFFAI JAGHUPH.
   844 | D:2      | Reached skill level 3 in Axes
   849 | D:2      | Found Ehiech Ozuss's Antique Weapon Shoppe.
   864 | D:2      | 864 ||| BUYING flail (73 gold).
   864 | D:2      | Bought a flail for 73 gold pieces
   864 | D:2      | 864 ||| SHOPLISTING glowing mace (126 gold, have 51).
   864 | D:2      | 864 ||| DROPPING +0 whip.
   890 | D:2      | 890 ||| Stepping ~*~*~tactically~*~*~ (stealth).
   896 | D:2      | Reached XP level 3. HP: 19/23 MP: 3/3
   897 | D:2      | 897 ||| Stepping ~*~*~tactically~*~*~ (stealth).
   965 | D:2      | 965 ||| Stepping ~*~*~tactically~*~*~ (stealth).
  1077 | D:2      | Reached skill level 1 in Throwing
  1391 | D:2      | 1391 ||| UPGRADING to ring of protection from cold.
  1392 | D:2      | 1392 ||| READING scroll labelled YTAJIAM WASOJU.
  1393 | D:2      | 1393 ||| READING scroll labelled BAITAO HOGAMYM.
  1430 | D:3      | 1430 ||| Stepping ~*~*~tactically~*~*~ (hiding).
  1523 | D:3      | 1523 ||| Stepping ~*~*~tactically~*~*~ (stealth).
  1525 | D:3      | 1525 ||| Stepping ~*~*~tactically~*~*~ (stealth).
  1572 | D:3      | Reached XP level 4. HP: 28/28 MP: 4/4
  1682 | D:3      | 1682 ||| Stepping ~*~*~tactically~*~*~ (stealth).
  1685 | D:3      | 1685 ||| Stepping ~*~*~tactically~*~*~ (hiding).
  1697 | D:3      | Reached skill level 4 in Axes
  1832 | D:3      | Noticed a necrophage
  1844 | D:3      | Killed a necrophage
  1845 | D:3      | Reached XP level 5. HP: 18/32 MP: 5/5
  2023 | D:3      | 2023 ||| UPGRADING to ring of positive energy.
  2024 | D:3      | 2024 ||| READING 2 scrolls labelled NOPSEDAODO.
  2025 | D:3      | 2025 ||| READING scroll labelled CEPPURI YPUIVI.
  2026 | D:3      | 2026 ||| DRINKING 2 inky potions.
  2027 | D:3      | 2027 ||| DRINKING 2 fuming sapphire potions.
  2028 | D:3      | 2028 ||| DRINKING 3 brown potions.
  2029 | D:3      | 2029 ||| READING 2 scrolls of identify.
  2029 | D:3      | 2029 ||| IDENTIFYING blue potion
  2030 | D:3      | 2030 ||| DROPPING potion of brilliance.
  2031 | D:3      | 2031 ||| DROPPING scroll of magic mapping.
  2057 | D:4      | Reached skill level 5 in Axes
  2061 | D:4      | 2061 ||| Stepping ~*~*~tactically~*~*~ (stealth).
  2073 | D:4      | 2073 ||| Stepping ~*~*~tactically~*~*~ (stealth).
  2111 | D:4      | 2111 ||| DROPPING +1 antimagic hand axe.
  2120 | D:4      | Found an iron altar of Okawaru.
  2121 | D:4      | 2121 ||| PLANNING OKAWARU WORSHIP
  2128 | D:4      | Became a worshipper of Warmaster Okawaru
  2129 | D:4      | 2129 ||| PLANNING D:1-11
  2146 | D:4      | 2146 ||| Stepping ~*~*~tactically~*~*~ (hiding).
  2154 | D:4      | 2154 ||| Stepping ~*~*~tactically~*~*~ (stealth).
  2164 | D:4      | Reached XP level 6. HP: 25/38 MP: 6/6
  2167 | D:4      | HP: 8/38 [something/puff of flame (8)]
  2168 | D:4      | 2168 ||| DRINKING 2 potions of heal wounds.
  2172 | D:4      | Reached skill level 1 in Dodging
  2196 | D:4      | HP: 7/38 [something/magic dart (8)]
  2204 | D:4      | HP: 3/38 [something (5)]
  2206 | D:4      | Slain by an orc wizard

Levels and vault maps discovered:
D:1:      scummos_arrival_gate, layout_rooms,
          shapermc_ecumenical_altar_mp_urbaneastern, corexii_hall_statues_t,
          patterned_corridor
D:2:      layout_basic, serial_shops, shop_coins
D:3:      layout_rooms, serial_glass, glass_columns_b, glass_columns_a,
          glass_columns_b, glass_columns_a, glass_columns_a,
          kennysheep_generic_room_13
D:4:      layout_rooms, lemuel_crystal_altar, nicolae_overflow_squiral,
          ebering_ghost_rock_garden

Skill      XL: |  1  2  3  4  5  6 |
---------------+-------------------+-----
Axes           | 2 3 4 5 |  5.0
Throwing       | 1 |  1.0
Fighting       | 4 |  4.1
Dodging        | 1 |  1.0
Armour         | |  3.2
Shields        | |  3.2

Action                   |  1- 3 |  4- 6 || total
-------------------------+-------+-------++-------
Melee: War axe           |    93 |    99 ||   192
Throw: Boomerang         |    13 |       ||    13
       Javelin           |    16 |    10 ||    26
  Use: Scroll            |     4 |     3 ||     7
       Potion            |       |     4 ||     4
Armor: Scale mail        |    46 |    94 ||   140
Dodge: Dodged            |    40 |    57 ||    97
Block: Buckler           |    20 |    21 ||    41

Table legend:
 A = Non-vault XP
 B = Vault XP
 C = Vault XP percentage of total XP
 D = Non-vault monster count
 E = Vault monster count
 F = Vault count percentage of total count
                 A         B        C        D         E       F
            +---------+---------+-------+---------+---------+-------
      Total |     317 |      82 |  20.6 |      77 |       2 |   2.5
            +---------+---------+-------+---------+---------+-------
        D:1 |      20 |       0 |   0.0 |      16 |       0 |   0.0
        D:2 |      34 |       0 |   0.0 |      18 |       0 |   0.0
        D:3 |     114 |      82 |  41.8 |      20 |       2 |   9.1
        D:4 |     149 |       0 |   0.0 |      23 |       0 |   0.0
            +---------+---------+-------+---------+---------+-------
